 Dungeon Crawl Stone Soup version 0.31-a0-977-gc230f8ef24 (webtiles) character file.

Game seed: 888656499942659375

46 horus123 the Chiller (level 3, -1/26 HPs)
             Began as a Demonspawn Ice Elementalist on Oct 30, 2023.
             Slain by an adder (3 damage)
             ... on level 2 of the Dungeon on Oct 31, 2023.
             The game lasted 00:02:52 (1571 turns).

horus123 the Chiller (Demonspawn Ice Elementalist)  Turns: 1571, Time: 00:02:53

Health: -1/26      AC:  3    Str:  8    XL:     3   Next: 46%
Magic:  1/7        EV: 11    Int: 18    God:
Gold:   77         SH:  0    Dex: 13    Spells: 7/8 levels left

rFire   . . .        c - +0 short sword
rCold   . . .        (no shield)
rNeg    . . .        d - +0 leather armour
rPois   .            (no helmet)
rElec   .            (no cloak)
rCorr   .            (no gloves)
SInv    .            (no boots)
Will    .....        (no amulet)
Stlth   ++           (no ring)
HPRegen 0.24/turn    (no ring)
MPRegen 0.10/turn

%: no passive effects
@: no status effects
A: claws 1
a: no special abilities


You were on level 2 of the Dungeon.
You visited 1 branch of the dungeon, and saw 2 of its levels.

You collected 77 gold pieces.

Inventory:

Hand Weapons
 c - a +0 short sword (weapon)
Armour
 a - a +0 robe
 d - a +0 leather armour (worn)
Scrolls
 f - a scroll of silence {unknown}
 g - a scroll of blinking {unknown}
 k - a scroll of fear {unknown}
 l - a scroll of vulnerability {unknown}
Potions
 b - a potion of magic
 e - a potion of attraction {unknown}
 h - a potion of curing {unknown}
 i - 3 potions of degeneration {unknown}
 j - a potion of haste {unknown}


   Skills:
 - Level 1.3 Fighting
 - Level 1.7 Dodging
 - Level 1.7 Stealth
 - Level 3.0 Spellcasting
 + Level 3.8 Ice Magic


You had 7 spell levels left.
You knew the following spells:

 Your Spells              Type           Power      Damage    Failure   Level
a - Freeze                Ice            64%        1d7       4%          1

Your spell library contained the following spells:

 Spells                   Type           Power      Damage    Failure   Level
 Frozen Ramparts          Ice            32%        1d5       14%         3
 Ozocubu's Armour         Ice            16%        N/A       14%         3
 Summon Ice Beast         Ice/Summ       9%         N/A       71%         4


Dungeon Overview and Level Annotations

Branches:
Dungeon (2/15)

Altars:


Innate Abilities, Weirdness & Mutations

You have sharp fingernails.


Message History

The adder is heavily wounded.
The adder seems to slow down.
The bat hits you but does no damage. The jackal bites you.
* * * LOW HITPOINT WARNING * * *
The adder barely misses you.
Aiming: Freeze (safe; 5% risk of failure)
Press: ? - help, Q - select action Shift-Dir - straight line, f/p - adder
Aim: an adder (heavily wounded, slow)
You freeze the adder.
The adder is heavily wounded.
The adder seems to slow down.
The jackal barely misses you. The adder bites you.
* * * LOW HITPOINT WARNING * * *
The jackal closely misses you. The bat barely misses you.
The endoplasm closely misses you.
Aiming: Freeze (safe; 5% risk of failure)
Press: ? - help, Q - select action Shift-Dir - straight line, f/p - adder
Aim: an adder (heavily wounded, slow)
You freeze the adder.
You kill the adder!
The bat hits you but does no damage. The jackal closely misses you.
The endoplasm hits you.
* * * LOW HITPOINT WARNING * * *
Aiming: Freeze (safe; 4% risk of failure)
Press: ? - help, Q - select action Shift-Dir - straight line, f - endoplasm
Aim: an endoplasm You freeze the endoplasm.
The endoplasm is almost dead.
The adder hisses angrily.
The jackal bites you but does no damage.
The adder bites you.
* * * LOW HITPOINT WARNING * * *
The bat hits you but does no damage.
The endoplasm hits you but does no damage.
The bat closely misses you. The jackal barely misses you.
The endoplasm hits you.
* * * LOW HITPOINT WARNING * * *
The bat hits you but does no damage. The bat hits you but does no damage.
The adder bites you.
You die...

###.# #
#..S### #
.##..K..##
##########
..........##
........##
.........r..#
#######...
.........g..#
###.
.........JhS#
# ##.
........wS..#
#.#########..
.........b@.#
....#......#
...........#
#....#####
.........##
###........
#......##
##..รท#..##..
#.#####
##..###......
#. #..##
##..### #####
#.## #..###
##...###.#
####.....
##.....##.#
#....#.##


You could see 3 adders, a dart slug, an endoplasm, a quokka, a jackal, a
hobgoblin, a bat and a kobold.

Vanquished Creatures
  An adder (D:2)
  A worm (D:2)
  3 bats
  2 endoplasms (D:1)
  2 goblins (D:1)
  2 hobgoblins
  4 jackals
  2 quokkas
  4 ball pythons
  5 frilled lizards
  3 kobolds
  3 rats
32 creatures vanquished.

Notes
Turn   | Place    | Note
-------+----------+-------------------------------------------
     0 | D:1      | horus123 the Demonspawn Ice Elementalist began the quest
                  | for the Orb.
     0 | D:1      | Reached XP level 1. HP: 13/13 MP: 3/3
   354 | D:1      | Gained mutation: You have sharp fingernails. [demonic
                  | ancestry]
   354 | D:1      | Reached XP level 2. HP: 19/19 MP: 2/5
  1267 | D:2      | Reached skill level 1 in Fighting
  1312 | D:2      | Reached XP level 3. HP: 25/26 MP: 3/7
  1571 | D:2      | Slain by an adder

Illustrated notes

Levels and vault maps discovered:
D:1:      lemuel_arrival_tunnels, layout_basic
D:2:      cheibrodos_fertilizer, layout_rooms

Skill      XL: |  1  2 |
---------------+-------+-----
Spellcasting   | 3 |  3.0
Fighting       | 1 |  1.3
Dodging        | |  1.7
Stealth        | |  1.7
Ice Magic      | |  3.8

Action                     || total
---------------------------++-------
  Melee: Short sword       ||    26
         Unarmed           ||     2
   Cast: Freeze            ||    50
   Stab: Sleeping          ||     1
 Armour: Leather armour    ||    72
         Robe              ||     3
  Dodge: Dodged            ||    72

Table legend: (Time is in decaauts)
 A = Elapsed time spent in this place.
 B = Non-inter-level travel time spent in this place.
 C = Inter-level travel time spent in this place.
 D = Time resting spent in this place.
 E = Time spent auto-exploring this place.
 F = Levels seen in this place.
 G = Mean time per level.
                   A        B        C        D        E       F      G
               +--------+--------+--------+--------+--------+-----+--------+
         Total |   1570 |   1526 |     44 |     44 |   1211 |   2 |  785.0 |
       Dungeon |   1570 |   1526 |     44 |     44 |   1211 |   2 |  785.0 |
               +--------+--------+--------+--------+--------+-----+--------+

Top non-repeatable levels by time:
     D:1: 1175 daAuts
     D:2: 394 daAuts
